 Dungeon Sprint DCSS version 0.30-a0-55-g90e3122c3a (webtiles) character file.

Game seed: 1346664776944085988

10031 mhtbhm the Earth Mage (level 11, -1/60 HPs)
             Began as a Gargoyle Earth Elementalist on Sept 10, 2022.
             Was the Champion of Vehumet.
             Slain by a polar bear simulacrum (2 damage)
             ... in the Dungeon (Sprint III: "The Ten Rune Challenge").
             The game lasted 00:09:08 (3487 turns).

mhtbhm the Earth Mage (Gargoyle Earth Elementalist) Turns: 3487, Time: 00:09:08

Health: -1/60      AC: 12    Str: 15    XL:     11   Next: 55%
Magic:  0/31       EV: 13    Int: 20    God:    Vehumet [******]
Gold:   2005       SH:  0    Dex:  9    Spells: 25/43 levels left

rFire   + . .      SeeInvis .    n - +2 mace (holy)
rCold   + . .      Faith    .    (no shield)
rNeg    + . .      Spirit   .    a - +2 robe {Will+}
rPois   ∞          Reflect  .    (no helmet)
rElec   +          Harm     .    g - scarf {rC+ rF+}
rCorr   .          Rampage  .    (no gloves)
Will    +....      NoTele   +    (no boots)
Stlth   +++.......               (no amulet)
HPRegen 0.20/turn                h - ring of wizardry
MPRegen 0.22/turn                (no ring)

@: no status effects
A: sickness immunity, AC +8, negative energy resistance 1, electricity
resistance, torment resistance 1, petrification resistance, talons 2, strong 1
a: Renounce Religion


You were in the Dungeon.
You worshipped Vehumet.
Vehumet was exalted by your worship.
You visited 1 branch You collected 2005 gold pieces.

Inventory:

Hand Weapons
 n - a +2 mace of holy wrath (weapon)
Missiles
 p - 4 javelins
Armour
 a - a +2 robe of willpower (worn)
 g - a scarf of resistance (worn)
Jewellery
 h - a ring of wizardry (left hand)
Wands
 m - a wand of digging (7)
Scrolls
 i - 2 scrolls of poison {unknown}
 j - 3 scrolls of identify
Potions
 b - 2 potions of magic
 d - a potion of brilliance {unknown}
 e - a potion of might
 f - a potion of berserk rage
 k - 4 potions of flight
 l - 4 potions of mutation
Miscellaneous
 o - a condenser vane (inert)


   Skills:
 + Level 3.8 Fighting
 + Level 5.5 Dodging
 + Level 6.5 Stealth
 + Level 16.6 Spellcasting
 + Level 8.0 Conjurations
 + Level 4.0 Transmutations
 + Level 20.6 Earth Magic
 + Level 2.7 Evocations


You had 25 spell levels left.
You knew the following spells:

 Your Spells              Type           Power      Damage    Failure   Level
a - Sandblast             Erth           100%       2d20      0%          1
b - Passwall              Tmut/Erth      50%        N/A       1%          2
c - Stone Arrow           Conj/Erth      100%       3d13      1%          3
d - Petrify               Tmut/Erth      60%        N/A       1%          4
e - Sticky Flame          Conj/Fire      32%        2d5       1%          4
f - Flame Wave            Conj/Fire      32%        2d9       1%          4

Your spell library contained the following spells:

 Spells                   Type           Power      Damage    Failure   Level
 Starburst                Conj/Fire      16%        6d6       12%         6
 Tukima's Dance           Hex            16%        N/A       4%          3
 Yara's Violent Unravell  Hex/Tmut       12%        3d7       4%          5
 Passage of Golubria      Tloc           16%        N/A       14%         4
 Malign Gateway           Summ/Tloc      8%         N/A       100%        7
 Summon Horrible Things   Summ           8%         N/A       100%        8


Dungeon Overview and Level Annotations

Branches:
Dungeon (1/1)

Altars:
Cheibriados
Dithmenos
Elyvilon
Fedhas
Gozag
Hepliaklqana
Kikubaaqudgha
Makhleb
Nemelex Xobeh
Okawaru
Qazlal
Ru
Sif Muna
Trog
Uskayaw
Vehumet
Wu Jian
Xom
Yredelemnul
Zin
The Shining One
Jiyva
Lugonu

Shops:
D *


Innate Abilities, Weirdness & Mutations

You are immune to sickness and miasma.
Your stone body is resilient. (AC +8)
You are immune to poison.
You resist negative energy. (rN+)
You are resistant to electric shocks. (rElec)
You are resistant to unholy torment.
You are immune to petrification.
You have razor-sharp toenails.
Your muscles are strong. (Str +4, Int/Dex -1)


Message History

Casting: Sandblast (safe; 0% risk of failure)
Confirm with . or Enter, or press ? or * to list all spells.
Aiming: Sandblast (safe; 0% risk of failure)
Press: ? - help, Shift-Dir - straight line, f/p - Duvessa
Aim: Duvessa, wielding a +1 great sword of freezing and quivering curare-tipped darts (freezing vapour, almost dead, berserk, petrified, confused, 100% to hit)
The blast of sand hits Duvessa!
Duvessa is almost dead.
Duvessa is engulfed in freezing vapours.
You kill Duvessa!
Vehumet accepts your kill.
You feel your power returning.
A polar bear simulacrum comes into view.
Your Transmutations skill increases to level 4!
Unknown command.
Unknown command.
Casting: Sandblast (safe; 0% risk of failure)
Confirm with . or Enter, or press ? or * to list all spells.
Aiming: Sandblast (safe; 0% risk of failure)
Press: ? - help, Shift-Dir - straight line, f - polar bear simulacrum
Aim: a polar bear simulacrum (moderately damaged, 99% to hit)
The blast of sand hits the polar bear simulacrum but does no damage.
The polar bear simulacrum is moderately damaged.
The polar bear simulacrum barely misses you.
The polar bear simulacrum closely misses you.
The polar bear simulacrum claws you but does no damage.
Casting: Sandblast (safe; 0% risk of failure)
Confirm with . or Enter, or press ? or * to list all spells.
Aiming: Sandblast (safe; 0% risk of failure)
Press: ? - help, Shift-Dir - straight line, f/p - polar bear simulacrum
Aim: a polar bear simulacrum (moderately damaged, 99% to hit)
The blast of sand hits the polar bear simulacrum!
The polar bear simulacrum is almost destroyed.
You are no longer glowing.
The polar bear simulacrum bites you.
* * * LOW HITPOINT WARNING * * *
The polar bear simulacrum freezes you! You resist.
* * * LOW HITPOINT WARNING * * *
The polar bear simulacrum closely misses you. x2
The polar bear simulacrum misses you. The polar bear simulacrum claws you.
You die...

)#.##..####
'###########################
).~§~'.#.'...'.#.#.#.'†††~≈#
.#§§§#.#.#)..##.#.#.##††.~≈#
.#§..#.#.#)..#.#.#.#.#.††~≈≈≈#
.#.§§#...#...##.#.#.##†.†~~~~#
▓▓▓▓▓▓▓▓▓▓▓▓▓#.#.#.#.#.††.†..#
.......~~~...##Z#)#.##.......#
≈≈≈≈≈≈≈≈≈♣♣..'.#@#.#.#.†.....#
♣♣♣♣♣♣♣♣♣♣♣P.##.#.#.##########
♣♣♣##§##### ♣ §○. ## #§§.# )#
#...# ## ##### ..# ..#


You could see a polar bear simulacrum.

Vanquished Creatures
  Dowan (D)
  Erica (D)
  A centaur warrior (D)
  Urug (D)
  A lindwurm (D)
  A deep elf pyromancer (D)
  Duvessa (D)
  A rime drake (D)
  2 cane toads (D)
  2 unseen horrors (D)
  A komodo dragon (D)
  A queen bee (D)
  3 wandering mushrooms (D)
  2 tyrant leeches (D)
  A shadow (D)
  3 redbacks (D)
  A spatial vortex (D)
  A swamp drake (D)
  2 orc warriors (D)
  2 centaurs (D)
  An earth elemental (D)
  A necrophage (D)
  A water elemental (D)
  32 killer bees (D)
  A jelly (D)
  A necromancer (D)
  A wizard (D)
  4 orc wizards (D)
  3 wolf simulacra (D)
  3 humans (D)
  A kobold demonologist (D)
  A wolf (D)
  12 orcs (D)
  2 endoplasms (D)
  2 rats (D)
95 creatures vanquished.

Vanquished Creatures (others)
  3 plants (D)
3 creatures vanquished.

Grand Total: 98 creatures vanquished

Notes
Turn   | Place    | Note
-------+----------+-------------------------------------------
     0 | D        | mhtbhm the Gargoyle Earth Elementalist began the quest for
                  | the Orb.
     0 | D        | Reached XP level 1. HP: 10/10 MP: 3/3
    12 | D        | Reached skill level 4 in Earth Magic
   281 | D        | Reached skill level 5 in Earth Magic
   309 | D        | Reached skill level 6 in Earth Magic
   309 | D        | Reached XP level 2. HP: 14/15 MP: 0/6
   365 | D        | Learned a level 2 spell: Passwall
   386 | D        | Gained mutation: You have sharp toenails. [potion of
                  | mutation]
   386 | D        | Gained mutation: Your muscles are strong. (Str +4, Int/Dex
                  | -1) [potion of mutation]
   386 | D        | Gained mutation: You have razor-sharp toenails. [potion of
                  | mutation]
   396 | D        | Reached XP level 3. HP: 19/19 MP: 3/7
   436 | D        | Learned a level 3 spell: Stone Arrow
   536 | D        | Noticed a water elemental
   539 | D        | Killed a water elemental
   540 | D        | Reached skill level 8 in Earth Magic
   540 | D        | Reached XP level 4. HP: 24/24 MP: 2/10
   610 | D        | Learned a level 4 spell: Petrify
   615 | D        | Found a radiant altar of Vehumet.
   615 | D        | Found a shimmering blue altar of Sif Muna.
   615 | D        | Found an ancient bone altar of Kikubaaqudgha.
   615 | D        | Noticed a wizard
   616 | D        | Killed a wizard
   617 | D        | Reached skill level 5 in Spellcasting
   617 | D        | Reached skill level 9 in Earth Magic
   617 | D        | Reached XP level 5. HP: 28/28 MP: 7/12
   623 | D        | Became a worshipper of Vehumet
   743 | D        | Found a basalt altar of Yredelemnul.
   743 | D        | Found a shadowy altar of Dithmenos.
   743 | D        | Found a sacrificial altar of Ru.
   748 | D        | Reached skill level 10 in Earth Magic
   945 | D        | Found a glowing silver altar of Zin.
   945 | D        | Found a glowing golden altar of the Shining One.
   945 | D        | Found a white marble altar of Elyvilon.
   945 | D        | Noticed a deep elf pyromancer
   948 | D        | Noticed a fire elemental
   948 | D        | Noticed a fire elemental
   949 | D        | Killed a deep elf pyromancer
   949 | D        | Reached * piety under Vehumet
   949 | D        | Offered knowledge of Magic Dart by Vehumet.
   950 | D        | Reached skill level 1 in Conjurations
   950 | D        | Reached skill level 13 in Earth Magic
   950 | D        | Reached XP level 6. HP: 32/32 MP: 10/18
   950 | D        | Reached XP level 7. HP: 36/36 MP: 10/19
  1007 | D        | Found a hide-covered altar of Uskayaw.
  1007 | D        | Found an iron altar of Okawaru.
  1007 | D        | Found a bloodstained altar of Trog.
  1007 | D        | Found an ornate altar of the Wu Jian Council.
  1007 | D        | Noticed a human
  1007 | D        | Noticed a human
  1038 | D        | Killed a human
  1039 | D        | Reached skill level 10 in Spellcasting
  1039 | D        | Reached skill level 14 in Earth Magic
  1194 | D        | Killed a human
  1195 | D        | Reached skill level 5 in Stealth
  1195 | D        | Reached XP level 8. HP: 41/41 MP: 12/22
  1368 | D        | Noticed a shadow
  1370 | D        | Killed a shadow
  1370 | D        | Reached ** piety under Vehumet
  1370 | D        | Offered knowledge of Searing Ray by Vehumet.
  1402 | D        | Found a blossoming altar of Fedhas.
  1402 | D        | Found a stormy altar of Qazlal.
  1402 | D        | Found a snail-covered altar of Cheibriados.
  1402 | D        | Found a burning altar of Makhleb.
  1402 | D        | Found a shimmering altar of Xom.
  1403 | D        | Found a hazy altar of Hepliaklqana.
  1403 | D        | Found an opulent altar of Gozag.
  1403 | D        | Found a sparkling altar of Nemelex Xobeh.
  1403 | D        | Found a corrupted altar of Lugonu.
  1403 | D        | Found a viscous altar of Jiyva.
  1408 | D        | Reached skill level 15 in Earth Magic
  1475 | D        | Noticed Erica
  1485 | D        | Killed Erica
  1486 | D        | Reached skill level 16 in Earth Magic
  1486 | D        | Reached XP level 9. HP: 28/46 MP: 13/25
  1624 | D        | Found Ipaxkag's General Store.
  1627 | D        | Offered knowledge of Poisonous Vapours by Vehumet.
  1627 | D        | Reached *** piety under Vehumet
  1627 | D        | Reached **** piety under Vehumet
  1627 | D        | Reached ***** piety under Vehumet
  1859 | D        | Offered knowledge of Olgreb's Toxic Radiance by Vehumet.
  1907 | D        | Noticed a centaur warrior
  1910 | D        | Reached skill level 1 in Fighting
  1910 | D        | Reached skill level 1 in Transmutations
  1910 | D        | Killed a centaur warrior
  1910 | D        | Reached ****** piety under Vehumet
  1911 | D        | Reached skill level 17 in Earth Magic
  1911 | D        | Reached skill level 1 in Evocations
  2065 | D        | Killed an unseen horror
  2065 | D        | Offered knowledge of Sticky Flame by Vehumet.
  2071 | D        | Learned a level 4 spell: Sticky Flame
  2142 | D        | Noticed a wandering mushroom
  2147 | D        | Noticed a wandering mushroom
  2149 | D        | Killed a wandering mushroom
  2149 | D        | Offered knowledge of Conjure Ball Lightning by Vehumet.
  2150 | D        | Reached XP level 10. HP: 53/53 MP: 20/27
  2162 | D        | Reached skill level 18 in Earth Magic
  2224 | D        | Noticed a cane toad
  2224 | D        | Noticed a cane toad
  2226 | D        | Killed a cane toad
  2227 | D        | Reached skill level 5 in Dodging
  2227 | D        | Killed a cane toad
  2413 | D        | Reached skill level 5 in Conjurations
  2414 | D        | Offered knowledge of Flame Wave by Vehumet.
  2563 | D        | Learned a level 4 spell: Flame Wave
  2734 | D        | Reached skill level 15 in Spellcasting
  2850 | D        | Reached skill level 19 in Earth Magic
  2970 | D        | Noticed a lindwurm
  2976 | D        | Killed a lindwurm
  3167 | D        | Noticed Urug
  3180 | D        | Killed Urug
  3181 | D        | Reached XP level 11. HP: 41/60 MP: 13/30
  3328 | D        | Offered knowledge of Starburst by Vehumet.
  3330 | D        | Reached skill level 20 in Earth Magic
  3458 | D        | Noticed Dowan
  3458 | D        | Noticed Duvessa
  3467 | D        | Killed Dowan
  3485 | D        | Killed Duvessa
  3487 | D        | HP: 1/60 [polar bear simulacrum (10)]
  3487 | D        | Slain by a polar bear simulacrum

Illustrated notes

Levels and vault maps discovered:
D:        dungeon_sprint_mu [sprint_mu_entry_cave, sprint_mu_temple_rooms,
          sprint_mu_d1_horrors, sprint_mu_d2_genie, sprint_mu_d3_branching,
          sprint_mu_orc_legion, sprint_mu_elf_gauntlet, sprint_mu_hive_nellie,
          sprint_mu_lair_fedhas, sprint_mu_vaults_butterflies,
          sprint_mu_slime_circle, sprint_mu_swamp_cave, sprint_mu_shoals_kraken,
          sprint_mu_blade_basic, sprint_mu_crypt_chambers,
          sprint_mu_tomb_spiral, sprint_mu_vestibule_basic,
          sprint_mu_gehenna_hellfire, sprint_mu_dis_giant,
          sprint_mu_tartarus_statrot, sprint_mu_cocytus_islands, sprint_mu_zot1]

Skill      XL: |  1  2  3  4  5  6  7  8  9 10 11 |
---------------+----------------------------------+-----
Earth Magic    | 6 8 9 13 14 16 17 19 20 | 20.6
Dodging        | 2 3 4 5 |  5.5
Spellcasting   | 3 4 5 9 10 12 13 15 16 | 16.6
Stealth        | 3 4 5 6 |  6.5
Conjurations   | 1 2 4 6 8 |  8.0
Fighting       | 1 3 |  3.8
Transmutations | 1 2 4 |  4.0
Evocations     | 1 2 |  2.7

Action                   |  1- 3 |  4- 6 |  7- 9 | 10-12 || total
-------------------------+-------+-------+-------+-------++-------
Melee: Unarmed           |     2 |       |       |       ||     2
 Cast: Sandblast         |    15 |     9 |    26 |    28 ||    78
       Passwall          |     1 |       |     2 |       ||     3
       Stone Arrow       |     1 |     4 |    20 |    38 ||    63
       Petrify           |       |       |     1 |     7 ||     8
       Flame Wave        |       |       |       |     2 ||     2
Evoke: Condenser vane    |       |       |     3 |     4 ||     7
       Wand              |       |       |       |     3 ||     3
  Use: Potion            |     2 |     1 |     3 |       ||     6
       Scroll            |       |       |     1 |       ||     1
Armor: Robe              |     2 |       |     5 |     8 ||    15
Dodge: Dodged            |     5 |     2 |     6 |    26 ||    39

Table legend: (Time is in decaauts)
 A = Elapsed time spent in this place.
 B = Non-inter-level travel time spent in this place.
 C = Inter-level travel time spent in this place.
 D = Time resting spent in this place.
 E = Time spent auto-exploring this place.
 F = Levels seen in this place.
 G = Mean time per level.
                   A        B        C        D        E       F      G
               +--------+--------+--------+--------+--------+-----+--------+
         Total |   3518 |   3518 |      0 |   2574 |    160 |   1 | 3518.0 |
       Dungeon |   3518 |   3518 |      0 |   2574 |    160 |   1 | 3518.0 |
               +--------+--------+--------+--------+--------+-----+--------+

Top non-repeatable levels by time:
       D: 3518 daAuts
